 Dungeon Crawl Stone Soup version 0.32-a0-814-g0968bab981 (webtiles) character file.

Game seed: 3725294398120991093

76 Descartes the Chopper (level 4, -3/40 HPs)
             Began as a Mountain Dwarf Chaos Knight on Mar 22, 2024.
             Was a Plaything of Xom.
             Slain by a gnoll
             ... wielding a +0 whip
             ... led by a gnoll bouda
              (4 damage)
             ... on level 5 of the Dungeon.
             The game lasted 00:02:58 (2217 turns).

Descartes the Chopper (Mountain Dwarf Chaos Knight) Turns: 2217, Time: 00:03:01

Health: -3/40      AC:  6    Str: 17    XL:     4   Next: 12%
Magic:  4/4        EV: 10    Int: 12    God:    Xom [.*....]
Gold:   129        SH:  0    Dex:  9    Spells: 3/3 levels left

rFire   . . .        a - +0 hand axe (chaos)
rCold   . . .        (no shield)
rNeg    + . .        b - +2 leather armour
rPois   .            (no helmet)
rElec   .            d - +0 cloak
rCorr   .            (no gloves)
SInv    .            (no boots)
Will    +....        (no amulet)
Stlth   +            n - ring of positive energy
HPRegen 0.26/turn    (no ring)
MPRegen 0.09/turn

%: no passive effects
@: brilliant, attractive, enlightened, flying
A: runic magic, artefact enchanting
a: Renounce Religion


You were on level 5 of the Dungeon.
You worshipped Xom.
You were a plaything of Xom.
You visited 1 branch of the dungeon, and saw 4 of its levels.

You collected 129 gold pieces.

Inventory:

Hand Weapons
 a - a +0 hand axe of chaos (weapon)
Armour
 b - a +2 leather armour (worn)
 d - a +0 cloak (worn)
 e - a +0 chain mail
Jewellery
 n - a ring of positive energy (left hand)
Wands
 j - a wand of paralysis (12)
Scrolls
 c - a scroll of butterflies
 i - a scroll of teleportation
 k - a scroll of immolation {unknown}
 m - a scroll of noise {unknown}
 o - a scroll of poison {unknown}
Potions
 f - 3 potions of attraction
 l - a potion of haste {unknown}


   Skills:
 + Level 3.8 Fighting
 + Level 4.2 Axes
 + Level 2.9 Armour
 * Level 1.8 Dodging


You had 3 spell levels left.
You didn't know any spells.
Your spell library contained the following spells:

 Spells                   Type           Power      Damage    Failure   Level
 Magic Dart               Conj           0%         1d3       34%         1
 Lesser Beckoning         Tloc           0%         N/A       45%         2
 Searing Ray              Conj           0%         2d4       45%         2
 Sublimation of Blood     Necr           0%         N/A       45%         2
 Volatile Blastmotes      Fire/Tloc      0%         2d10      71%         3
 Fulminant Prism          Conj/Alch      0%         3d5       98%         4
 Iskenderun's Mystic Bla  Conj/Tloc      0%         2d3       98%         4
 Petrify                  Alch/Erth      0%         N/A       98%         4
 Irradiate                Conj/Alch      0%         3d11      100%        5


Dungeon Overview and Level Annotations

Branches:
Dungeon (3/15)

Altars:


Innate Abilities, Weirdness & Mutations

Your spellcasting is much less encumbered by armour.
You can use scrolls of enchantment on lesser artefacts.


Message History

The hound barks!
You hear a shout!
The gnoll is no longer moving quickly.
The gnoll bouda gazes fiercely through you!
You feel your attacks grow feeble.
There is an open door here.
The gnoll attacks as it pursues you! The gnoll hits you with a +0 whip.
The gnoll bouda barks out a call to the hunt!
The gnoll picks up the pace!
The hound closely misses you. The hound closely misses you.
The gnoll hits you with a +0 whip. The hound bites you but does no damage.
Your attacks no longer feel as feeble.
The hound attacks as it pursues you! The hound misses you.
The hound barely misses you.
You miss the hound. The hound bites you.
You slash the hound! You freeze the hound.
The hound is heavily wounded.
You closely miss the gnoll. The hound bites you.
The gnoll hits you but does no damage.
The gnoll hits you from afar with a +0 spear.
The hound bites you.
* * * LOW HITPOINT WARNING * * *
The gnoll hits you with a +0 whip.
* * * LOW HITPOINT WARNING * * *
It was a potion of attraction.
You feel attractive to monsters.
Xom roars with laughter!
The hound closely misses you. The gnoll hits you but does no damage.
It was a potion of brilliance.
You feel clever all of a sudden. The hound bites you but does no damage.
The gnoll hits you but does no damage. The hound barely misses you.
The gnoll barely misses you.
It was a potion of enlightenment.
You feel very buoyant.
You fly up into the air.
The hound barely misses you.
The gnoll hits you from afar with a +0 spear.
* * * LOW HITPOINT WARNING * * *
The gnoll hits you with a +0 whip.
You die...
Xom chortles!

.. #. #..# ...####.
#######..##........
#....#......?......
#....#.............
#.g..#.............
#.@..#..... g......
###h.##..# #.
######g.##g.####+#####
........#......#......
........#......#..g...
........#......+......
........'...g[.#......
##..##..#..#..#..#.##.
#.. #################


You could see a hound and 2 gnolls.

Vanquished Creatures
  Jessica (D:2)
  A dart slug (D:1)
  An orc (D:3)
  6 ball pythons
  4 endoplasms
  2 giant cockroaches (D:1)
  4 goblins
  2 hobgoblins (D:1)
  4 jackals
  3 kobolds
  2 quokkas (D:2)
  5 bats
  3 frilled lizards
  2 rats
40 creatures vanquished.

Vanquished Creatures (others)
  A quokka (D:2)
1 creature vanquished.

Grand Total: 41 creatures vanquished

Notes
Turn   | Place    | Note
-------+----------+-------------------------------------------
     0 | D:1      | Descartes the Mountain Dwarf Chaos Knight began the quest
                  | for the Orb.
     0 | D:1      | Reached XP level 1. HP: 19/19 MP: 1/1
   100 | D:1      | XOM: butterfly on damage
   102 | D:1      | XOM: butterfly on damage
   139 | D:1      | XOM: 3-stop teleportation journey
   163 | D:1      | Reached skill level 1 in Dodging
   167 | D:1      | Reached XP level 2. HP: 17/26 MP: 2/2
   746 | D:1      | XOM: cloud trail
   835 | D:1      | XOM: noise
  1129 | D:2      | XOM: cloud trail
  1142 | D:2      | XOM: 4-stop teleportation journey
  1276 | D:2      | Reached skill level 4 in Axes
  1309 | D:2      | XOM: destruction
  1395 | D:2      | XOM: torment (14/26 hp)
  1398 | D:2      | Reached XP level 3. HP: 18/31 MP: 3/3
  1598 | D:2      | Noticed Jessica
  1603 | D:2      | Killed Jessica
  1607 | D:2      | XOM: divination: detect items
  1668 | D:2      | XOM: silly message
  1672 | D:2      | XOM: cloud trail
  1682 | D:2      | Got Jessica's Verses on Wanderlust
  1737 | D:2      | XOM: summons 2 hostile demons
  1848 | D:3      | Reached XP level 4. HP: 32/40 MP: 4/4
  1965 | D:3      | XOM: 4-stop teleportation journey
  1999 | D:3      | XOM: 2-stop teleportation journey
  2156 | D:3      | You fall into a shaft and drop 2 floors!
  2156 | D:5      | Entered Level 5 of the Dungeon
  2217 | D:5      | HP: 1/40 [gnoll/+0 spear[a gnoll bouda] (4)]
  2217 | D:5      | Slain by a gnoll

Illustrated notes

Levels and vault maps discovered:
D:1:      evilmike_arrival_plus, layout_loops_corners
D:2:      layout_loops_ring, kennysheep_jessica_study
D:3:      layout_basic
D:5:      layout_gridville, lemuel_doored_altar, nicolae_temple_entry_ecumenical

Skill      XL: |  1  2 |
---------------+-------+-----
Dodging        | 1 |  1.8
Axes           | 4 |  4.2
Fighting       | |  3.8
Armour         | |  2.9

Action                     |  1- 3 |  4- 6 || total
---------------------------+-------+-------++-------
  Melee: Hand axe          |   102 |    22 ||   124
    Use: Potion            |       |     3 ||     3
         Scroll            |       |     1 ||     1
 Armour: Leather armour    |    82 |    27 ||   109
         Skin              |     4 |       ||     4
  Dodge: Dodged            |    70 |    29 ||    99

Table legend: (Time is in decaauts)
 A = Elapsed time spent in this place.
 B = Non-inter-level travel time spent in this place.
 C = Inter-level travel time spent in this place.
 D = Time resting spent in this place.
 E = Time spent auto-exploring this place.
 F = Levels seen in this place.
 G = Mean time per level.
                   A        B        C        D        E       F      G
               +--------+--------+--------+--------+--------+-----+--------+
         Total |   2228 |   2165 |     63 |      0 |   1820 |   4 |  557.0 |
       Dungeon |   2228 |   2165 |     63 |      0 |   1820 |   4 |  557.0 |
               +--------+--------+--------+--------+--------+-----+--------+

Top non-repeatable levels by time:
     D:1: 1066 daAuts
     D:2: 770 daAuts
     D:3: 329 daAuts
     D:5: 61 daAuts
